 Dungeon Crawl Stone Soup version 0.22.1-1-ga44c0e5 (webtiles) character file.

114 geeseburger the Covered (level 5, -1/43 HPs)
             Began as a Formicid Fighter on Oct 8, 2018.
             Killed from afar by a white imp (2 damage)
             ... with a puff of frost
             ... on level 1 of the Abyss.
             The game lasted 00:07:17 (2496 turns).

geeseburger the Covered (Formicid Fighter)          Turns: 2496, Time: 00:07:18

Health: -1/43      AC: 11    Str: 21    XL:     5   Next: 19%
Magic:  0/5        EV:  8    Int:  8    God:
Gold:   195        SH: 11    Dex: 10    Spells: 4/4 levels left

rFire    . . .     SeeInvis +   a - +1 long sword
rCold    . . .     Gourm    .   c - +2 shield
rNeg     . . .     Faith    .   b - +0 scale mail
rPois    .         Spirit   +   (helmet unavailable)
rElec    .         Reflect  .   h - +1 cloak
rCorr    .         Harm     .   (no gloves)
MR       .....                  (no boots)
Stlth    ..........             i - amulet of guardian spirit
HPRegen  0.14/turn              l - +2 ring of protection
MPRegen  0.09/turn              (no ring)

@: no status effects
A: permanent stasis, dig shafts and tunnels, four strong arms, antennae 3
a: Dig, Shaft Self


You were on level 1 of the Abyss.
You were not hungry.

You visited 1 branch of the dungeon, and saw 3 of its levels.
You visited the Abyss 1 time.

You collected 195 gold pieces.

Inventory:

Hand Weapons
 a - a +1 long sword (weapon)
Armour
 b - a +0 scale mail (worn)
 c - a +2 shield (worn)
 h - a +1 cloak (worn)
Jewellery
 i - an amulet of guardian spirit (around neck)
 l - a +2 ring of protection (left hand)
 q - an uncursed ring of protection from fire {unknown}
Wands
 e - a wand of acid (12)
Scrolls
 g - 3 scrolls of remove curse {unknown}
 n - a scroll of magic mapping
 p - a scroll of identify
Potions
 d - a potion of might
 j - 2 potions of flight
 k - 2 potions of heal wounds
 m - a potion of ambrosia {unknown}
 o - a potion of curing {unknown}
Comestibles
 f - 6 rations


   Skills:
 * Level 4.5 Fighting
 - Level 2.0 Long Blades
 * Level 4.6 Armour
 + Level 4.3 Shields


You had 4 spell levels left.
You didn't know any spells.
Your spell library was empty.

Dungeon Overview and Level Annotations

Branches:
Dungeon (3/15)

Altars:
Ashenzari


Innate Abilities, Weirdness & Mutations

You cannot be hasted, slowed, berserked, paralysed or teleported.
You can dig through walls and to a lower floor.
Your four strong arms can wield two-handed weapons with a shield.
You have a pair of large antennae on your head. (SInv)


Message History

You barely miss the white imp.
The white imp is severely wounded.
The thrashing horror tramples you!
You hold your ground!
The thrashing horror tramples you but does no damage.
You block the white imp's attack.
You barely miss the white imp.
The white imp is severely wounded.
The thrashing horror roars!
You block the thrashing horror's attack.
The thrashing horror tramples you.
* * * LOW HITPOINT WARNING * * *
You hold your ground!
The white imp gestures at you. The puff of frost hits you!
* * * LOW HITPOINT WARNING * * *
You hit the white imp but do no damage.
The white imp is severely wounded.
The white imp gestures at you. The puff of frost hits you!
You die...

#. #.## #.## #.### # #
#.[# #.... . ...#.##..
##.# ##..#. ..##
..#.###....# #. #.
#...###...###...###...##
..}.#.....#.....#..
.......................
.5.#5X...#.. .. .. ..
##@..###.. ##.. ## ##.##
.## # .## #...# #...
#... .....#.. .. .. ..
.................. .
............. .
............ . .. #
....#... ...###...###..


You could see a thrashing horror and a white imp.

Vanquished Creatures
  An orc wizard (D:3)
  2 adders
  A worm (D:3)
  A leopard gecko (D:3)
  5 orcs
  6 bats
  2 giant cockroaches
  7 hobgoblins
  4 jackals
  9 kobolds
  A quokka (D:2)
  4 ball pythons
  3 frilled lizards
  8 goblins
  8 rats
62 creatures vanquished.

Notes
Turn   | Place    | Note
-------+----------+-------------------------------------------
     0 | D:1      | geeseburger the Formicid Fighter began the quest for the
                  | Orb.
     0 | D:1      | Reached XP level 1. HP: 18/18 MP: 1/1
    59 | D:1      | Reached XP level 2. HP: 18/24 MP: 2/2
   300 | D:1      | Reached XP level 3. HP: 23/30 MP: 3/3
  1511 | D:2      | Reached XP level 4. HP: 35/37 MP: 4/4
  2069 | D:3      | Found a shattered altar of Ashenzari.
  2084 | D:3      | Reached XP level 5. HP: 42/43 MP: 5/5
  2461 | D:3      | Cast into level 1 of the Abyss (orc wizard)
  2490 | Abyss:1  | Noticed a thrashing horror
  2495 | Abyss:1  | HP: 1/43 [white imp/puff of frost (10)]
  2496 | Abyss:1  | Killed from afar by a white imp

Skill      XL: |  1  2  3 |
---------------+----------+-----
Shields        | 4 |  4.3
Fighting       | 4 |  4.5
Armour         | 4 |  4.6
Long Blades    | |  2.0

Action                   |  1- 3 |  4- 6 || total
-------------------------+-------+-------++-------
Melee: Long sword        |   107 |    71 ||   178
  Use: Scroll            |    10 |     1 ||    11
  Eat: Ration            |     1 |     1 ||     2
Armor: Scale mail        |    55 |    28 ||    83
Dodge: Dodged            |    33 |    15 ||    48
Block: Shield            |    69 |    47 ||   116
       Rpst.: Long sword |    11 |     2 ||    13
